[Event "*** Titled Tuesday 3|2 Blitz"]
[Site "Chess.com"]
[Date "2015.08.04"]
[Round "1"]
[White "WarlordX"]
[Black "Yaacovn"]
[Result "0-1"]
[WhiteElo "2194"]
[BlackElo "2551"]
[TimeControl "180+2"]
[EndTime "11:31:42 PDT"]
[Termination "Yaacovn won by checkmate"]

1. d4 Nf6 2. c4 e5 3. dxe5 Ne4 4.
a3 d6 5. Qd3 Nc5 6. Qc3 dxe5 7.
Qxe5+ Be6 8. Nc3 Nc6 9. Qe3 Nd4 10.
Qg5 Nc2# 0-1

[Event "*** Titled Tuesday 3|2 Blitz"]
[Site "Chess.com"]
[Date "2015.08.04"]
[Round "1"]
[White "arnacman"]
[Black "MITerryble"]
[Result "0-1"]
[WhiteElo "2219"]
[BlackElo "2586"]
[TimeControl "180+2"]
[EndTime "11:33:03 PDT"]
[Termination "MITerryble won by resignation"]

1. e4 e6 2. d4 d5 3. Nc3 Nf6 4. e5 Nfd7 5. f4 c5 6. Nf3 Nc6 7. Be3 Be7 8. Qd2 O-O 9. dxc5 Bxc5 10. O-O-O Qa5 11. a3 Rd8 12. Bxc5 Nxc5 13. Qf2 Qb6 14. f5 Nb3+ 0-1

[Event "*** Titled Tuesday 3|2 Blitz"]
[Site "Chess.com"]
[Date "2015.08.04"]
[Round "1"]
[White "Aygehovit1992"]
[Black "ChessMavenYeti"]
[Result "1/2-1/2"]
[WhiteElo "2408"]
[BlackElo "2040"]
[TimeControl "180+2"]
[EndTime "11:33:26 PDT"]
[Termination "Game drawn by repetition"]

1. Nf3 e6 2. g3 d5 3. Bg2 f5 4. O-O Nf6 5. c4 c6 6. b3 Bd6 7. Ba3 O-O 8. Bxd6 Qxd6 9. d4 Nbd7 10. Nbd2 Ne4 11. Rc1 b6 12. e3 Bb7 13. Ne1 e5 14.
cxd5 cxd5 15. dxe5 Nxe5 16. Ndf3 Ng4 17. h3 Ngxf2 18.
Rxf2 Qxg3 19. Rfc2 Rac8 20. Rxc8 Qf2+ 21. Kh2 Qg3+ 22. Kg1 Qf2+ 23. Kh1 Ng3+ 24. Kh2 Nf1+ 25. Kh1 Ng3+ 26. Kh2 Nf1+ 27. Kh1 Ng3+ 1/2-1/2

[Event "*** Titled Tuesday 3|2 Blitz"]
[Site "Chess.com"]
[Date "2015.08.04"]
[Round "1"]
[White "fpawn"]
[Black "Janosik"]
[Result "0-1"]
[WhiteElo "2096"]
[BlackElo "2495"]
[TimeControl "180+2"]
[EndTime "11:34:07 PDT"]
[Termination "Janosik won by resignation"]

1. e4 e5 2. Nf3 Nc6 3. d4 exd4 4. Nxd4 Qf6 5. Be3 Bc5 6. c3 Nge7 7. Bc4 O-O 8. O-O b6 9. Nc2 Ne5 10. Be2 N5g6 11. Nd2 Bb7 12. f3 Nf4 13. Rf2 Rfe8 14. Bxc5 bxc5 15. Nc4 d6 16. N4e3 Neg6 17. Bc4 Re5 18.
Ng4 Qg5 19. Nxe5 Nxe5 20. Bd5 Bxd5 21. exd5 Nh3+ 22. Kf1 Nxf2 23. Kxf2 Re8 24. Ne1 Nc4 25. b3 Qe3+ 26. Kf1 Nd2+ 0-1

[Event "*** Titled Tuesday 3|2 Blitz"]
[Site "Chess.com"]
[Date "2015.08.04"]
[Round "1"]
[White "wonderfultime"]
[Black "aripov96"]
[Result "1-0"]
[WhiteElo "2647"]
[BlackElo "2232"]
[TimeControl "180+2"]
[EndTime "11:34:36 PDT"]
[Termination "wonderfultime won by resignation"]

1. d4 d5 2. c4 c6 3. Nc3 Nf6 4. e3 e6 5. Nf3 Nbd7 6. Bd3 dxc4 7. Bxc4 b5 8. Bd3 a6 9. e4 c5 10.
e5 cxd4 11. Nxb5 axb5 12. exf6 gxf6 13. O-O Qb6 14. Qe2 Bb7 15. Bf4 Rg8 16. Bg3 Bd6 17.
Rfd1 b4 18. Be4 Bxg3 19. hxg3 Rd8 20. Bxb7 Qxb7 21. Rxd4 Ke7 22. Rc1 Qb6 23. Qe3 Ne5 24. Nxe5 fxe5 25. Rd7+ Rxd7 26. Qxb6 Rgd8 27. Qxb4+ Kf6 28.
Qh4+ Kg7 29. Qg5+ Kf8 30. Qxe5 1-0

[Event "*** Titled Tuesday 3|2 Blitz"]
[Site "Chess.com"]
[Date "2015.08.04"]
[Round "1"]
[White "1stSecond"]
[Black "NowInChess"]
[Result "1-0"]
[WhiteElo "2348"]
[BlackElo "1961"]
[TimeControl "180+2"]
[EndTime "11:34:56 PDT"]
[Termination "1stSecond won by resignation"]

1. d4 Nf6 2. c4 c5 3. d5 e5 4. Nc3 d6 5. h3 g6 6. Nf3 Bg7 7. g4 O-O 8. Bg2 Na6 9. Bg5 Bd7 10. Nd2 Nc7 11. Nde4 Nce8 12. Qd2 a6 13. a4 b5 14. axb5 axb5 15. O-O Rxa1 16. Rxa1 b4 17. Nxf6+ Bxf6 18. Ne4 Bxg5 19. Nxg5 Qb8 20. b3 Nc7 21. Ne4 Qb6 22. Nf6+ 1-0

[Event "*** Titled Tuesday 3|2 Blitz"]
[Site "Chess.com"]
[Date "2015.08.04"]
[Round "1"]
[White "Bab3s"]
[Black "Tesla37"]
[Result "0-1"]
[WhiteElo "2121"]
[BlackElo "2513"]
[TimeControl "180+2"]
[EndTime "11:35:14 PDT"]
[Termination "Tesla37 won by resignation"]

1. e4 c5 2. c3 Qa5 3. Nf3 Nc6 4.
Be2 Nf6 5. d3 d5 6. exd5 Nxd5 7.
O-O g6 8. Na3 Bg7 9. c4 Nf6 10.
Bf4 a6 11. Ne5 Nd4 12. Bf3 O-O 13. Nc2 Nxf3+ 14. Qxf3 Qb6 15. b3 Be6 16. Rad1 Rad8 17. h3 Rfe8 18. Rfe1 Bc8 19. d4 cxd4 20. Nxd4 Rxd4 21. Be3 Rxd1 22. Bxb6 Rxe1+ 23. Kh2 Rxe5 0-1

[Event "*** Titled Tuesday 3|2 Blitz"]
[Site "Chess.com"]
[Date "2015.08.04"]
[Round "1"]
[White "Hafez_Bakr"]
[Black "stepanosinovsky"]
[Result "0-1"]
[WhiteElo "1788"]
[BlackElo "2278"]
[TimeControl "180+2"]
[EndTime "11:35:21 PDT"]
[Termination "stepanosinovsky won by resignation"]

1. e4 b6 2. Nf3 Bb7 3. Nc3 e6 4. d4 Bb4 5. Bd3 d5 6. exd5 Qxd5 7. O-O Bxc3 8. bxc3 Ne7 9. a4 Nbc6 10. Re1 h6 11. Ba3 O-O 12. Bxe7 Nxe7 13. Be4 Qxe4 14. Rxe4 Bxe4 15. Qe2 Bb7 16. a5 Rfd8 17. axb6 axb6 18.
Rxa8 Rxa8 19. Qc4 Ra1+ 20. Qf1 Rxf1+ 21. Kxf1 Bxf3 22. gxf3 Nd5 23. c4 Nb4 24. c3 Na2 25. Ke2 Nxc3+ 26. Kd3 Na4 27. Kc2 e5 28. Kb3 exd4 29.
Kxa4 Kf8 30. Kb4 Ke7 31. Kb3 Kd6 32. Kc2 Ke5 33. Kd3 c5 0-1

[Event "*** Titled Tuesday 3|2 Blitz"]
[Site "Chess.com"]
[Date "2015.08.04"]
[Round "1"]
[White "fancyknightmaneuvers"]
[Black "MinhGTrAn"]
[Result "0-1"]
[WhiteElo "2160"]
[BlackElo "2515"]
[TimeControl "180+2"]
[EndTime "11:35:38 PDT"]
[Termination "MinhGTrAn won by resignation"]

1. e4 c5 2. Nf3 d6 3. d4 cxd4 4. Qxd4 Nc6 5. Bb5 Bd7 6. Bxc6 Bxc6 7. Nc3 Nf6 8. Bg5 e6 9. O-O-O Be7 10. Qd3 Qc7 11.
Bxf6 Bxf6 12. Nb5 Bxb5 13. Qxb5+ Ke7 14. Kb1 Rhd8 15. g4 Rac8 16. g5 Qxc2+ 17. Ka1 Bc3 18.
Qxb7+ Rd7 19. Qb3 Qxe4 20. bxc3 Qxf3 21. Rhf1 Qxc3+ 22. Qxc3 Rxc3 23. f4 g6 24. Rd2 d5 25.
Kb2 Rdc7 26. Re1 Kd6 27. Ree2 R3c4 28. Rf2 Rb7+ 29. Ka3 0-1

[Event "*** Titled Tuesday 3|2 Blitz"]
[Site "Chess.com"]
[Date "2015.08.04"]
[Round "1"]
[White "tac49"]
[Black "armago"]
[Result "1-0"]
[WhiteElo "2452"]
[BlackElo "2053"]
[TimeControl "180+2"]
[EndTime "11:35:38 PDT"]
[Termination "tac49 won by resignation"]

1. e4 c5 2. Nf3 Nc6 3. d4 cxd4 4. Nxd4 Nf6 5. Nc3 e5 6. Ndb5 d6 7. Bg5 a6 8. Na3 b5 9. Bxf6 gxf6 10. Nd5 Bg7 11. Bd3 f5 12. exf5 e4 13. Bxe4 Bxb2 14. O-O O-O 15. f6 Re8 16. Qh5 Rxe4 17. Qg5+ Kf8 18. Qg7+ Ke8 19. Qg8+ Kd7 20. Qxf7+ Ne7 21. Rae1 Rxe1 22. Rxe1 Kc6 23. fxe7 Qd7 24. e8=Q 1-0

[Event "*** Titled Tuesday 3|2 Blitz"]
[Site "Chess.com"]
[Date "2015.08.04"]
[Round "1"]
[White "Mugzyyy"]
[Black "Mr_Penings"]
[Result "1-0"]
[WhiteElo "2590"]
[BlackElo "2214"]
[TimeControl "180+2"]
[EndTime "11:35:48 PDT"]
[Termination "Mugzyyy won by resignation"]

1. d4 Nf6 2. c4 e6 3. Nc3 Bb4 4. Nf3 c5 5. g3 cxd4 6. Nxd4 Nc6 7. Bg2 O-O 8. O-O a6 9. Bf4 Re8 10. Nb3 h6 11. c5 Bxc3 12. bxc3 e5 13. Be3 a5 14. a4 Qe7 15. h3 e4 16. Rb1 Ne5 17.
Qd4 Nc6 18. Qd6 Ra6 19. Rfd1 Ne5 20. Qxe7 Rxe7 21. Nd2 Ng6 22. Nc4 Rc6 23. Nd6 Ne5 24. Rb6 Rc7 25. Bd4 Nd5 26. Bxe4 Nxb6 27. cxb6 Rc4 28.
Bxe5 1-0

[Event "*** Titled Tuesday 3|2 Blitz"]
[Site "Chess.com"]
[Date "2015.08.04"]
[Round "1"]
[White "Konavets"]
[Black "Tacticus_Severus"]
[Result "1-0"]
[WhiteElo "2468"]
[BlackElo "2078"]
[TimeControl "180+2"]
[EndTime "11:36:00 PDT"]
[Termination "Konavets won by resignation"]

1. e4 c5 2. Nf3 e6 3. d4 cxd4 4.
Bg5 Qb6 5. Qxd4 Bb4+ 6. Nc3 Qxd4 7. Nxd4 Nf6 8. Bd3 Nc6 9. Nb5 Ke7 10. a3 Bxc3+ 11.
Nxc3 d6 12. O-O-O a6 13. f4 h6 14. Bh4 Rg8 15. Bf2 g5 16. g3 Ng4 17. Bb6 Nf6 18.
Rhe1 Nd7 19. Bf2 b5 20. Nd5+ Kd8 21. Nb4 Nxb4 22. axb4 Kc7 23. Bf1 Bb7 24. Re3 Nb6 25.
Rc3+ Nc4 26. b3 1-0

[Event "*** Titled Tuesday 3|2 Blitz"]
[Site "Chess.com"]
[Date "2015.08.04"]
[Round "1"]
[White "MattyDPerrine"]
[Black "FairChess_on_YouTube"]
[Result "0-1"]
[WhiteElo "2241"]
[BlackElo "2748"]
[TimeControl "180+2"]
[EndTime "11:36:03 PDT"]
[Termination "FairChess_on_YouTube won by resignation"]

1. d4 f5 2. c4 Nf6 3. Nf3 g6 4. g3 Bg7 5. Bg2 O-O 6. O-O d6 7. Nc3 Qe8 8. d5 a5 9. Nd4 Na6 10. b3 Bd7 11. Bb2 Nc5 12. Qc2 Kh8 13. Rad1 c6 14.
Rfe1 cxd5 15. cxd5 Rc8 16. Qb1 b5 17. e3 b4 18. Nce2 Nce4 19. Nf4 Nc5 20. Rc1 g5 21. Nfe6 Bxe6 22. dxe6 Nfe4 23. Nxf5 Rxf5 24. Bxg7+ Kxg7 25. Bxe4 Rf6 26. Bxh7 Qh5 27. Be4 Rh8 28. h3 Qxh3 29.
Qc2 Nxe4 0-1

[Event "*** Titled Tuesday 3|2 Blitz"]
[Site "Chess.com"]
[Date "2015.08.04"]
[Round "1"]
[White "myaccount88"]
[Black "DanielNaroditsky"]
[Result "0-1"]
[WhiteElo "2181"]
[BlackElo "2546"]
[TimeControl "180+2"]
[EndTime "11:36:06 PDT"]
[Termination "DanielNaroditsky won by resignation"]

1. e4 e5 2. Nf3 Nc6 3. Bc4 Bc5 4.
d3 Nf6 5. Bg5 h6 6. Bh4 g5 7.
Bg3 d6 8. Nbd2 Bg4 9. h3 Bh5 10.
c3 a6 11. Qe2 b5 12. Bd5 Nxd5 13.
exd5 Ne7 14. c4 f5 15. O-O-O bxc4 16. dxc4 e4 17. Rhe1 O-O 18. Nxe4 fxe4 19. Qxe4 Nf5 20. Qe6+ Rf7 21. Bh2 Bxf3 22. gxf3 Qf6 23. f4 Rb8 24. Qxf6 Rxf6 25. fxg5 hxg5 26. Rg1 Rg6 27. Bf4 Nd4 0-1

[Event "*** Titled Tuesday 3|2 Blitz"]
[Site "Chess.com"]
[Date "2015.08.04"]
[Round "1"]
[White "Hikaru"]
[Black "KyronGriffith"]
[Result "1-0"]
[WhiteElo "2866"]
[BlackElo "2245"]
[TimeControl "180+2"]
[EndTime "11:36:08 PDT"]
[Termination "Hikaru won by resignation"]

1. e4 c5 2. Nc3 a6 3. f4 b5 4. Nf3 Bb7 5. d4 cxd4 6. Nxd4 e6 7. Bd3 Nf6 8. Qf3 Nc6 9. Nxc6 Bxc6 10. O-O Bc5+ 11.
Kh1 h5 12. a3 Ng4 13. Qg3 Qb6 14. Nd1 d5 15. e5 f5 16. b4 Be7 17. h3 h4 18. Qe1 Nh6 19. c3 Nf7 20. Be3 Qb7 21.
Bd4 Kd7 22. Ne3 g5 23. Nxf5 gxf4 24. Nxe7 Kxe7 25. Rxf4 Ng5 26. Rxh4 Ne4 27. Rg4 Rag8 28. Rxg8 Rxg8 29. Qh4+ Ke8 30. Qh5+ Qf7 31. Qxf7+ Kxf7 32. Kh2 Ke7 33. Rf1 Be8 34. Bxe4 dxe4 35. Bc5+ Kd7 36. g4 Kc6 37. Rd1 Bf7 38. Rd6+ Kc7 39. Rxa6 Be8 40.
Rxe6 1-0

[Event "*** Titled Tuesday 3|2 Blitz"]
[Site "Chess.com"]
[Date "2015.08.04"]
[Round "1"]
[White "chessking2151"]
[Black "Iball95"]
[Result "1-0"]
[WhiteElo "2009"]
[BlackElo "2342"]
[TimeControl "180+2"]
[EndTime "11:36:16 PDT"]
[Termination "chessking2151 won - game abandoned"]

1. e4 c5 2. c3 g6 3. d4 cxd4 4. cxd4 d5 5. exd5 Nf6 6. Bb5+ Nbd7 7. d6 exd6 8. Qe2+ Qe7 9. Qxe7+ Kxe7 10. Nf3 Nb6 11.
Bf4 Be6 12. O-O a6 13. Bd3 Bg7 14. Nc3 Nfd5 15. Nxd5+ Nxd5 16. Bg3 Rac8 17. a3 Kd7 18. Rac1 Bh6 19. Rb1 Bg7 20. Rbc1 Nb6 21. Be4 Bd5 22. Bxd5 Nxd5 23. Rfd1 h6 24. Kf1 Rhe8 25. Re1 Rxe1+ 26. Rxe1 Rc2 27. Re2 Rc1+ 28. Re1 Rc4 29. Rd1 Rc2 30. b4 Nc3 31. Re1 Nb5 32. a4 1-0

[Event "*** Titled Tuesday 3|2 Blitz"]
[Site "Chess.com"]
[Date "2015.08.04"]
[Round "1"]
[White "BIG_Pirate"]
[Black "Prolta"]
[Result "1-0"]
[WhiteElo "2264"]
[BlackElo "1715"]
[TimeControl "180+2"]
[EndTime "11:36:27 PDT"]
[Termination "BIG_Pirate won by resignation"]

1. Nf3 e6 2. c4 c6 3. Nc3 d5 4.
d4 Nf6 5. cxd5 cxd5 6. Bg5 Be7 7. e3 O-O 8. Bd3 a6 9. O-O b5 10. a4 b4 11. Nb1 a5 12. Nbd2 Ba6 13. Nb3 Bxd3 14. Qxd3 Nbd7 15. Rfc1 Rc8 16. Qb5 Qb6 17. Nxa5 Qxb5 18. axb5 Nb6 19. Ne5 Nc4 20. Naxc4 dxc4 21. Rxc4 h6 22. Bxf6 Bxf6 23. Nc6 Ra8 24. Rxa8 Rxa8 25. Kf1 Ra1+ 26. Ke2 g5 27. Rxb4 Rg1 28. g3 Rc1 29. b6 Rxc6 30. b7 Rc2+ 31. Kf3 1-0

[Event "*** Titled Tuesday 3|2 Blitz"]
[Site "Chess.com"]
[Date "2015.08.04"]
[Round "1"]
[White "Imre91"]
[Black "lukas_111111"]
[Result "1-0"]
[WhiteElo "2594"]
[BlackElo "2223"]
[TimeControl "180+2"]
[EndTime "11:36:38 PDT"]
[Termination "Imre91 won by checkmate"]

1. d4 Nf6 2. Nf3 e6 3. g3 b6 4. Bg2 Bb7 5. c4 Be7 6. O-O O-O 7. d5 exd5 8. Nh4 c6 9. cxd5 Nxd5 10. Nf5 Nc7 11. e4 d5 12. Nc3 Bf6 13. Bf4 d4 14.
e5 dxc3 15. exf6 Qxf6 16. Nd6 cxb2 17. Rb1 Ba6 18. Ne4 Qe7 19. Re1 Nb5 20. a4 Rd8 21. Qh5 Nd4 22. Ng5 Qxe1+ 23. Rxe1 Ne2+ 24. Kh1 Bd3 25. Qxf7+ Kh8 26. Be5 Rg8 27. Bxg7+ Rxg7 28. Qf8+ Rg8 29. Nf7# 1-0

[Event "*** Titled Tuesday 3|2 Blitz"]
[Site "Chess.com"]
[Date "2015.08.04"]
[Round "1"]
[White "Sunil"]
[Black "eugeniusjr"]
[Result "0-1"]
[WhiteElo "2088"]
[BlackElo "1954"]
[TimeControl "180+2"]
[EndTime "11:36:39 PDT"]
[Termination "eugeniusjr won by checkmate"]

1. e4 c5 2. Nc3 g6 3. f4 Bg7 4. Nf3 Nc6 5. Bc4 d6 6. Bb5 Bd7 7. Bxc6 Bxc6 8. d3 e6 9. O-O Ne7 10. Qe1 O-O 11. Qh4 b5 12. g4 b4 13. Ne2 f5 14. Ng5 h6 15. Nxe6 Qd7 16. Nxf8 Rxf8 17.
Rb1 fxe4 18. f5 exd3 19. cxd3 g5 20. Qh3 Nd5 21. Bd2 Re8 22. Rf2 Bb7 23. Ng3 Qc6 24. Ne4 Nf6 25. Qf3 Nxe4 26. dxe4 Bd4 27. Rf1 Rxe4 28.
f6 Rxg4+ 29. Kh1 Qxf3+ 30. Rxf3 Bxf3+ 31. Rxf3 Rg1# 0-1

[Event "*** Titled Tuesday 3|2 Blitz"]
[Site "Chess.com"]
[Date "2015.08.04"]
[Round "1"]
[White "dretch"]
[Black "AungTZ"]
[Result "1-0"]
[WhiteElo "2495"]
[BlackElo "2085"]
[TimeControl "180+2"]
[EndTime "11:36:48 PDT"]
[Termination "dretch won by resignation"]

1. d4 Nf6 2. c4 e6 3. Nf3 b6 4. g3 Ba6 5. b3 Bb4+ 6. Bd2 Be7 7. Bg2 c6 8. O-O d5 9. Qc2 O-O 10. Rd1 Nbd7 11. a4 Rc8 12. a5 b5 13. c5 Ra8 14.
Be1 Bc8 15. a6 Ne8 16. Ba5 Nc7 17. Nc3 e5 18. Na2 e4 19. Ne1 Nf6 20. Nb4 Bd7 21.
Qc1 Qc8 22. Nec2 Nxa6 23. Nxa6 Qxa6 24. Bd8 Qxa1 25. Qxa1 Bxd8 26. Qa6 Bc7 27. Nb4 Bg4 28. Qxc6 Ba5 29. Qxb5 Bxb4 30. Qxb4 Bxe2 31. Re1 Bg4 32. c6 Rfc8 33. h3 Be6 34. Rc1 Rab8 35. Qa3 Rc7 36.
Bf1 h5 37. Ba6 Ne8 38. b4 Nd6 39. Qa5 Rb6 40. b5 Bxh3 41. Qb4 Nf5 42. Qc5 Ne7 43. Qd6 1-0

[Event "*** Titled Tuesday 3|2 Blitz"]
[Site "Chess.com"]
[Date "2015.08.04"]
[Round "1"]
[White "dabee"]
[Black "alturas_pacificas"]
[Result "0-1"]
[WhiteElo "2443"]
[BlackElo "2082"]
[TimeControl "180+2"]
[EndTime "11:36:49 PDT"]
[Termination "alturas_pacificas won by resignation"]

1. d4 d5 2. Nf3 Nf6 3. Bf4 c5 4. c3 Nc6 5. dxc5 a5 6. Nd4 e6 7. b4 axb4 8. Nxc6 bxc6 9. cxb4 Ba6 10. Nd2 Nd7 11. e4 Bxf1 12. Kxf1 Qf6 13. Bg3 Qc3 14. exd5 cxd5 15. a3 Rxa3 16. Rxa3 Qxa3 17. Qb3 Qc1+ 18.
Ke2 Qxh1 19. Qa4 Qc1 20. Qa8+ Ke7 21. c6 Kf6 22. cxd7 Qxd2+ 23. Kxd2 Bxb4+ 24. Kd3 Rxa8 0-1

[Event "*** Titled Tuesday 3|2 Blitz"]
[Site "Chess.com"]
[Date "2015.08.04"]
[Round "1"]
[White "Lying-Ted"]
[Black "GMG"]
[Result "0-1"]
[WhiteElo "2009"]
[BlackElo "2391"]
[TimeControl "180+2"]
[EndTime "11:36:53 PDT"]
[Termination "GMG won by resignation"]

1. e4 g6 2. d4 Bg7 3. Nc3 c6 4. h3 d6 5. Nf3 Nf6 6. Bd3 Nbd7 7.
O-O e5 8. Be3 O-O 9. a4 b6 10. Re1 a6 11. d5 cxd5 12. Nxd5 Nxd5 13. exd5 f5 14. Bf1 h6 15. c4 a5 16. Rb1 Nc5 17.
b4 axb4 18. Rxb4 Bd7 19. Qb1 f4 20. Bxc5 bxc5 21. Rb7 Bf5 22. Qb5 e4 23. Nd2 e3 24.
Nf3 Bc3 25. Rc1 Bb4 26. Qc6 Rc8 27. Qb5 Qf6 28. Rb6 exf2+ 29. Kxf2 Qb2+ 30. Kg1 Qxc1 31. Rxd6 Bd3 32. Nh2 f3 33. gxf3 Rxf3 34. Rxg6+ Bxg6 35. Nxf3 Qe3+ 36. Kg2 Be4 0-1

[Event "*** Titled Tuesday 3|2 Blitz"]
[Site "Chess.com"]
[Date "2015.08.04"]
[Round "1"]
[White "pedromartinez91"]
[Black "SenseiJulio"]
[Result "1-0"]
[WhiteElo "2128"]
[BlackElo "2230"]
[TimeControl "180+2"]
[EndTime "11:37:08 PDT"]
[Termination "pedromartinez91 won by checkmate"]

1. Nf3 Nf6 2. c4 e6 3. g3 d5 4. Bg2 Be7 5. O-O O-O 6. d4 c6 7. Nc3 dxc4 8. Ne5 Nd5 9. Nxc4 Nd7 10. e4 Nxc3 11. bxc3 b6 12. Re1 Bb7 13. a4 c5 14.
a5 b5 15. a6 Bxa6 16. Rxa6 bxc4 17. d5 Ne5 18. d6 Bf6 19. f4 Nd3 20. e5 Qc8 21.
Rc6 Qd7 22. exf6 Nxe1 23. Qg4 g6 24. Qg5 Kh8 25. Qh6 Rg8 26. Rc7 Qe8 27. Bc6 Qf8 28.
Qxf8 Raxf8 29. f5 gxf5 30. Bh6 Rd8 31. d7 Nd3 32. Rc8 Rxd7 33. Bg7# 1-0

[Event "*** Titled Tuesday 3|2 Blitz"]
[Site "Chess.com"]
[Date "2015.08.04"]
[Round "1"]
[White "Colombiano07"]
[Black "Gergo85"]
[Result "1-0"]
[WhiteElo "1963"]
[BlackElo "2328"]
[TimeControl "180+2"]
[EndTime "11:37:34 PDT"]
[Termination "Colombiano07 won on time"]

1. e4 d5 2. d4 dxe4 3. Nc3 Nf6 4. Bg5 g6 5. Bxf6 exf6 6. Nxe4 Bg7 7. Nf3 O-O 8. Bd3 f5 9. Ng3 Re8+ 10. Ne2 Bxd4 11. Nxd4 Qxd4 12. c3 Qf6 13. O-O Nc6 14. Re1 Be6 15.
Bb5 Rad8 16. Qa4 Bd7 17. Bxc6 Bxc6 18. Qxa7 Rd2 19. Nd4 Rxe1+ 20. Rxe1 Be4 21. b4 Qg5 22. g3 h5 23. Qb8+ Kg7 24. Qxc7 Qf6 25. a4 h4 26.
Qf4 h3 27. Qxd2 Qd6 28. Nxf5+ 1-0

[Event "*** Titled Tuesday 3|2 Blitz"]
[Site "Chess.com"]
[Date "2015.08.04"]
[Round "1"]
[White "Danirod"]
[Black "PauloCesarCosta"]
[Result "1-0"]
[WhiteElo "2397"]
[BlackElo "2009"]
[TimeControl "180+2"]
[EndTime "11:37:54 PDT"]
[Termination "Danirod won on time"]

1. e4 e6 2. d4 d5 3. Nd2 Nf6 4. e5 Nfd7 5. Bd3 c5 6. c3 Nc6 7. Ne2 Qb6 8. Nf3 cxd4 9. cxd4 f6 10. exf6 Nxf6 11. O-O Bd6 12. a3 O-O 13. Nc3 Bd7 14. Be3 Rae8 15. h3 a6 16. b4 Qd8 17. Bg5 Qb8 18. Qc2 h6 19. Be3 e5 20. Bg6 Rc8 21. Qb3 Be6 22. Rac1 Nxd4 23. Bxd4 exd4 24. Nxd4 Bf7 25. Bxf7+ Rxf7 26. Nxd5 Nxd5 27. Qxd5 Rd8 28. Qc4 Bh2+ 29. Kh1 Be5 30. Ne6 Re8 31. Nc5 Rc8 32.
Qe6 Bd4 33. Nd7 Rxc1 34. Rxc1 Qd8 35. Ne5 Bxe5 36. Rc8 Qxc8 37. Qxc8+ Kh7 38. Qe6 1-0

[Event "*** Titled Tuesday 3|2 Blitz"]
[Site "Chess.com"]
[Date "2015.08.04"]
[Round "1"]
[White "stefanodinn"]
[Black "Cruel_Yaro"]
[Result "0-1"]
[WhiteElo "2126"]
[BlackElo "2506"]
[TimeControl "180+2"]
[EndTime "11:37:55 PDT"]
[Termination "Cruel_Yaro won on time"]

1. e4 c5 2. Nf3 e6 3. d4 cxd4 4. Nxd4 Nc6 5. Nb5 d6 6. c4 a6 7. N5c3 Nf6 8. Be2 Be7 9. O-O O-O 10. Be3 b6 11. Nd2 Ne5 12. f4 Ned7 13. Bf3 Rb8 14. a4 a5 15. g4 Nc5 16. g5 Nfd7 17. h4 Bb7 18. Nb3 Nxb3 19. Qxb3 Nc5 20. Qc2 f6 21. Rad1 fxg5 22. hxg5 e5 23. fxe5 Bxg5 24. Qd2 Bh4 25.
Qxd6 Qe8 26. Nd5 Rxf3 27. Rxf3 Nxe4 28. Qa3 Qg6+ 29. Kf1 Ng3+ 30. Rxg3 Qxg3 31. Bf4 Qg4 0-1

[Event "*** Titled Tuesday 3|2 Blitz"]
[Site "Chess.com"]
[Date "2015.08.04"]
[Round "1"]
[White "darkknight123456"]
[Black "zmaj23"]
[Result "0-1"]
[WhiteElo "2084"]
[BlackElo "2479"]
[TimeControl "180+2"]
[EndTime "11:37:57 PDT"]
[Termination "zmaj23 won by checkmate"]

1. e4 c5 2. Nf3 d6 3. c4 e5 4. Nc3 Nc6 5. g3 Be7 6. Bg2 f5 7. d3 Nf6 8. O-O O-O 9. Bg5 Nd4 10. Bxf6 Bxf6 11. exf5 Nxf5 12. Nd2 Rb8 13. Nde4 Be7 14. a3 Nd4 15. b4 Be6 16. Rb1 Qd7 17. b5 b6 18. Nd2 Bh3 19. Qh5 Bxg2 20. Kxg2 Rf5 21. Qd1 Rbf8 22. Nd5 Bg5 23. Ne4 Nf3 24. g4 R5f7 25.
h3 Nh4+ 26. Kh1 h6 27. Qe2 Rf3 28. Kh2 Bf4+ 29. Nxf4 R8xf4 30. Ng3 Qf7 31. Kg1 g6 32.
Rb2 h5 33. g5 Nf5 34. Ne4 Nd4 35. Qd1 Qf5 36. Nxd6 Qxg5+ 37. Kh1 Rxh3# 0-1

[Event "*** Titled Tuesday 3|2 Blitz"]
[Site "Chess.com"]
[Date "2015.08.04"]
[Round "1"]
[White "mat_kolosowski"]
[Black "FMCouch"]
[Result "1-0"]
[WhiteElo "2498"]
[BlackElo "2124"]
[TimeControl "180+2"]
[EndTime "11:38:03 PDT"]
[Termination "mat_kolosowski won by resignation"]

1. d4 d5 2. c4 c6 3. Nf3 Nf6 4. Nc3 dxc4 5. a4 Bf5 6. Nh4 Bg6 7. Nxg6 hxg6 8. e3 Nbd7 9. Bxc4 e5 10. Qb3 Qe7 11. Qxb7 Rb8 12. Qxa7 exd4 13. Qxd4 Ne5 14. Be2 Rd8 15. Qb6 Qe6 16. a5 Bd6 17. a6 O-O 18.
a7 Nd5 19. Nxd5 cxd5 20. Qd4 Rc8 21. O-O Bc5 22. Qf4 Ra8 23. Ra6 Qe7 24. b4 Bxa7 25. Bb2 Nc4 26. Bxc4 dxc4 27. Qxc4 Rfc8 28. Qb5 Rab8 29.
Qa5 Qxb4 30. Qxb4 Rxb4 31. Bxg7 Bxe3 32. fxe3 Kxg7 33. Ra7 Rf8 34. h3 Re4 35. Rf3 Re6 36. Kf2 Rf6 37. e4 Rb8 38. e5 Rb2+ 39. Kg3 Rxf3+ 40.
gxf3 Re2 41. f4 Re3+ 42. Kg4 Re1 43. h4 Re2 44. h5 gxh5+ 45. Kxh5 Re1 46. Kg5 Rg1+ 47.
Kf5 Re1 48. Re7 Kf8 49. Kf6 Re4 50. Rxf7+ Ke8 51. Ke6 Ra4 52. Re7+ Kf8 53. Rf7+ Ke8 54. Rf6 Ra6+ 55. Kf5 Ra4 56. Rb6 Kf7 57. Rb7+ Kf8 58. Kg5 Ke8 59. f5 Ra6 60. e6 Ra8 61. Kf6 Kf8 62.
Rf7+ Ke8 63. Rh7 1-0

[Event "*** Titled Tuesday 3|2 Blitz"]
[Site "Chess.com"]
[Date "2015.08.04"]
[Round "1"]
[White "lexiel"]
[Black "ColorsTrilogy"]
[Result "1-0"]
[WhiteElo "2272"]
[BlackElo "1722"]
[TimeControl "180+2"]
[EndTime "11:38:03 PDT"]
[Termination "lexiel won on time"]

1. d4 Nf6 2. Nc3 d5 3. Bf4 Bf5 4. e3 e6 5. Bd3 Bd6 6. Nge2 O-O 7.
O-O Bg6 8. Bg3 Nc6 9. a3 Re8 10. Qd2 e5 11. Bxg6 hxg6 12. Rad1 exd4 13. exd4 Ne4 14.
Nxe4 Rxe4 15. Bxd6 Qxd6 16. c3 Rae8 17. Ng3 R4e6 18.
Rfe1 f5 19. Rxe6 Qxe6 20. b4 Nd8 21. Nf1 Nf7 22. Qf4 c6 23. h4 Nd6 24. Rd3 Ne4 25. Re3 Qd7 26. f3 Nf6 27. Re5 Nh5 28. Qe3 f4 29. Rxe8+ Kh7 30. Qe6 1-0

[Event "*** Titled Tuesday 3|2 Blitz"]
[Site "Chess.com"]
[Date "2015.08.04"]
[Round "1"]
[White "samolo"]
[Black "BjarkeSahl"]
[Result "1-0"]
[WhiteElo "2509"]
[BlackElo "2129"]
[TimeControl "180+2"]
[EndTime "11:38:05 PDT"]
[Termination "samolo won by resignation"]

1. Nf3 Nf6 2. g3 d5 3. Bg2 c6 4. c4 g6 5. b3 Bg7 6. Bb2 O-O 7. O-O a5 8. d3 a4 9. Nbd2 a3 10.
Bc3 Nbd7 11. Qc2 Re8 12. Ne5 Nxe5 13. Bxe5 d4 14. Nf3 c5 15. b4 Nd7 16. Bxg7 Kxg7 17. bxc5 Nxc5 18. Rab1 e5 19. Rb5 Qc7 20. Rfb1 f6 21.
Nd2 Re7 22. Ne4 Na4 23. R5b4 Bd7 24. Rxb7 Qd8 25. R1b4 Bc6 26. Rxe7+ Qxe7 27. Rb3 Ra7 28. Qd2 Bxe4 29. Bxe4 Nc5 30. Rb5 Nxe4 31. dxe4 Rc7 32.
Qd3 h5 33. Kg2 Kh6 34. e3 dxe3 35. Qxe3+ Kg7 36. c5 Qd7 37. Ra5 Qd4 38. Qxd4 exd4 39. Kf3 Kf7 40. Ke2 Ke6 41. Kd3 f5 42. Kxd4 Rd7+ 43.
Ke3 fxe4 44. Rxa3 Kd5 45. Rc3 Rf7 46. Ke2 Kc6 47. a3 g5 48. h3 h4 49. gxh4 gxh4 50. a4 Rf4 51. a5 Rf7 52. a6 Ra7 53. Ra3 Kxc5 54. Ke3 Kd5 55. Ra5+ Kc4 56. Kxe4 1-0